 Dungeon Crawl Stone Soup version 0.30-a0-857-gcaf70739d4 (webtiles) character file.

Game seed: 10722557749961456755

478 demibob the Twirler (level 6, -5/43 HPs)
             Began as a Demonspawn Wanderer on Mar 6, 2023.
             Was a Believer of Makhleb.
             Slain by Edmund
             ... wielding a +2 dire flail of holy wrath
              (11 damage)
             ... on level 4 of the Dungeon.
             The game lasted 00:04:49 (2698 turns).

demibob the Twirler (Demonspawn Wanderer)           Turns: 2698, Time: 00:04:50

Health: -5/43      AC: 10    Str: 14    XL:     6   Next: 86%
Magic:  0/9        EV: 16    Int: 15    God:    Makhleb [**....]
Gold:   177        SH:  0    Dex: 13    Spells: 8/9 levels left

rFire   + + +      SeeInvis .    a - +2 quarterstaff
rCold   . . .      Faith    .    (shield currently unavailable)
rNeg    . . .      Spirit   +    o - +1 chain mail {Will+}
rPois   .          Reflect  .    (no helmet)
rElec   .          Rampage  .    (no cloak)
rCorr   +                        (no gloves)
Will    +....                    (no boots) Stlth
                                 h - amulet "Ennecimp" {Spirit Fragile rF+++ rCorr Int+2}
HPRegen 0.27/turn                E - +5 ring of evasion
MPRegen 0.22/turn                e - +5 ring of evasion

@: no status effects
A: claws 1, magic regeneration
a: Renounce Religion, Minor Destruction


You were on level 4 of the Dungeon.
You worshipped Makhleb.
Makhleb was pleased with you.
You visited 1 branch of the dungeon, and saw 4 of its levels.

You collected 177 gold pieces.


Innate Abilities, Weirdness & Mutations

You have sharp fingernails.
You regenerate magic rapidly.


   Skills:
 - Level 1.0 Fighting
 * Level 6.1 Staves
 - Level 1.0 Throwing
 + Level 2.9 Armour
 - Level 2.0 Spellcasting
 - Level 1.0 Transmutations
 + Level 2.2 Invocations
 - Level 2.0 Evocations


You had 8 spell levels left.
You knew the following spells:

 Your Spells              Type           Power      Damage    Failure   Level
z - Sting                 Tmut/Pois      12%        1d3       99%         1

Your spell library contained the following spells:

 Spells                   Type           Power      Damage    Failure   Level
 Spider Form              Tmut/Pois      3%         N/A       100%        3

Inventory:

Hand Weapons
 a - a +2 quarterstaff (weapon)
Armour
 k - a +0 buckler
 o - a +1 chain mail of willpower (worn)
Magical Staves
 i - a staff of cold {!a}
Jewellery
 e - a +5 ring of evasion (right claw)
 h - the amulet "Ennecimp" (around neck) {Spirit Fragile rF+++ rCorr Int+2}
   (You found it on level 2 of the Dungeon)

   [amulet of guardian spirit]

   It causes incoming damage to be divided between your reserves of health and
   magic.
   Int:       It affects your intelligence (+2).
   rF:        It renders you almost immune to fire.
   rCorr:     It protects you from acid and corrosion.
   Fragile:   It will be destroyed if unequipped.
 E - a +5 ring of evasion (left claw)
Wands
 b - a wand of flame (22)
 n - a wand of polymorph (2)
 p - a wand of roots (10)
Scrolls
 d - a scroll of poison
 f - a scroll of magic mapping
 g - a scroll of immolation
 r - a scroll of teleportation {@r2}
Potions
 j - a potion of magic {unknown}
 q - a potion of invisibility {unknown}

Dungeon Overview and Level Annotations

Branches:
Dungeon (4/15)
 Temple: D:4-7

Altars:
Makhleb

Annotations:
D:4 Edmund

#..............@
#...=.........
########..># #...#
##.....##...###...# ##
#......#..........#...
#......#..........'...
#......'.....o{...#....
##....###...##@##.# .##
####'####+###@# .# #
####....................
...#....................
...#....................
...'....................
...################.####
..........# ##
.....†....# ###.......#


You could see Edmund (berserk) and an orc priest (fleeing).


Message History

The hound bites you but does no damage. The jelly hits you.
You are splashed with acid.
You resist.
You thump the jelly!
You kill the jelly!
Makhleb accepts your kill. The hound misses you. The hound closely misses you.
Your Staves skill increases to level 6!
Your Invocations skill increases to level 2!
You hit the hound.
The hound is heavily wounded.
The hound bites you but does no damage.
Edmund rages.
You hit the hound.
The hound is almost dead.
The hound closely misses you. The hound barely misses you.
You barely miss the hound.
The hound is almost dead.
The hound completely misses you.
You hit the hound.
You kill the hound!
Makhleb accepts your kill.
Edmund hits you with a +2 dire flail of holy wrath!!
You convulse!!
* * * LOW HITPOINT WARNING * * *
You are too injured to fight recklessly!
As you read the scroll of fear, it crumbles to dust.
You assume a fearsome visage.
Edmund is unaffected.
The orc priest looks frightened!
Edmund hits you with a +2 dire flail of holy wrath!
You die...

Skill      XL: |  1  2  3  4  5  6 |
---------------+-------------------+-----
Staves         | 3 4 5 6 |  6.1
Armour         | 1 2 |  2.9
Invocations    | 1 2 |  2.2
Fighting       | |  1.0
Throwing       | |  1.0
Spellcasting   | |  2.0
Transmutations | |  1.0
Evocations     | |  2.0

Action                     |  1- 3 |  4- 6 || total
---------------------------+-------+-------++-------
  Melee: Quarterstaff      |   106 |   219 ||   325
    Use: Scroll            |     3 |     6 ||     9
   Stab: Sleeping          |     2 |     1 ||     3
 Armour: Robe              |     9 |       ||     9
         Leather armour    |     5 |     6 ||    11
         Chain mail        |       |    34 ||    34
  Dodge: Dodged            |    62 |   191 ||   253

Levels and vault maps discovered:
D:1:      dpeg_arrival_renting, layout_basic, dreamdust_ecumenical_altar_grove,
          solitary_fountain
D:2:      layout_rooms
D:3:      layout_loops_ring, uniq_ijyb
D:4:      layout_gridville, gup_sewer_entry_glass, uniq_pikel, uniq_edmund

Notes
Turn   | Place    | Note
-------+----------+-------------------------------------------
     0 | D:1      | demibob the Demonspawn Wanderer began the quest for the
                  | Orb.
     0 | D:1      | demibob set off with the following items: a +2
                  | quarterstaff, a wand of flame (6), a scroll of fear, a +0
                  | robe; and the following spell memorised: Sting; and the
                  | following spells available to memorise: Spider Form.
     0 | D:1      | Reached XP level 1. HP: 15/15 MP: 3/3
   122 | D:1      | Reached skill level 3 in Staves
   183 | D:1      | Gained mutation: You have sharp fingernails. [demonic
                  | ancestry]
   183 | D:1      | Reached XP level 2. HP: 21/21 MP: 5/5
   339 | D:1      | Found a faded altar of an unknown god.
   443 | D:1      | Prayed at the altar of an unknown god.
   443 | D:1      | Became a worshipper of Makhleb the Destroyer
   443 | D:1      | Reached * piety under Makhleb
   751 | D:2      | Identified the amulet "Ennecimp" {Spirit Fragile rF+++
                  | rCorr Int+2}
   797 | D:2      | Reached XP level 3. HP: 23/26 MP: 4/6
   964 | D:2      | Reached skill level 4 in Staves
  1207 | D:2      | Reached XP level 4. HP: 30/32 MP: 5/7
  1259 | D:2      | Reached skill level 1 in Armour
  1544 | D:3      | Reached ** piety under Makhleb
  1659 | D:3      | Gained mutation: You regenerate magic rapidly. [demonic
                  | ancestry]
  1659 | D:3      | Reached XP level 5. HP: 28/37 MP: 6/8
  1667 | D:3      | Reached skill level 5 in Staves
  1844 | D:3      | Noticed Ijyb
  1961 | D:3      | Killed Ijyb
  1962 | D:3      | Reached skill level 2 in Armour
  2528 | D:4      | Reached skill level 1 in Invocations
  2528 | D:4      | Reached XP level 6. HP: 38/43 MP: 7/9
  2674 | D:4      | Noticed Edmund
  2694 | D:4      | Reached skill level 6 in Staves
  2694 | D:4      | Reached skill level 2 in Invocations
  2698 | D:4      | Slain by Edmund

Vanquished Creatures
  A phantom (D:4)
  A scorpion (D:4)
  A hound (D:4)
  A jelly (D:4)
  An iguana (D:3)
  Ijyb (D:3)
  An orc wizard (D:4)
  6 gnolls (D:3)
  7 adders
  2 worms (D:2)
  2 dart slugs
  5 orcs
  8 ball pythons
  5 endoplasms
  4 giant cockroaches
  8 hobgoblins
  2 jackals (D:3)
  9 kobolds
  4 quokkas
  5 bats
  6 frilled lizards
  6 goblins
  3 rats
89 creatures vanquished.

Vanquished Creatures (others)
  2 plants (D:1)
2 creatures vanquished.

Grand Total: 91 creatures vanquished

Table legend: (Time is in decaauts)
 A = Elapsed time spent in this place.
 B = Non-inter-level travel time spent in this place.
 C = Inter-level travel time spent in this place.
 D = Time resting spent in this place.
 E = Time spent auto-exploring this place.
 F = Levels seen in this place.
 G = Mean time per level.
                   A        B        C        D        E       F      G
               +--------+--------+--------+--------+--------+-----+--------+
         Total |   2721 |   2602 |    119 |    379 |   1517 |   4 |  680.2 |
       Dungeon |   2721 |   2602 |    119 |    379 |   1517 |   4 |  680.2 |
               +--------+--------+--------+--------+--------+-----+--------+

Top non-repeatable levels by time:
     D:3: 1102 daAuts
     D:1: 824 daAuts
     D:2: 616 daAuts
     D:4: 178 daAuts

Table legend:
 A = Non-vault XP
 B = Vault XP
 C = Vault XP percentage of total XP
 D = Non-vault monster count
 E = Vault monster count
 F = Vault count percentage of total count
                 A         B        C        D         E       F
            +---------+---------+-------+---------+---------+-------
      Total |     648 |      36 |   5.3 |      88 |       1 |   1.1
            +---------+---------+-------+---------+---------+-------
        D:1 |      30 |       0 |   0.0 |      20 |       0 |   0.0
        D:2 |      96 |       0 |   0.0 |      26 |       0 |   0.0
        D:3 |     191 |      36 |  15.9 |      23 |       1 |   4.2
        D:4 |     331 |       0 |   0.0 |      19 |       0 |   0.0
            +---------+---------+-------+---------+---------+-------
